 Dungeon Crawl Stone Soup version 0.28.0-1-gb440e238dd (webtiles) character file.

Game seed: 16172144714897784852

4 Descartes the Sneak (level 1, -5/12 HPs)
             Began as a Deep Elf Wanderer on Feb 19, 2022.
             Slain by a gnoll (13 damage)
             ... on level 1 of the Dungeon.
             The game lasted 00:02:04 (299 turns).

Descartes the Sneak (Deep Elf Wanderer)              Turns: 299, Time: 00:02:04

Health: -5/12      AC:  2    Str:  7    XL:     1   Next: 58%
Magic:  0/6        EV: 11    Int: 18    God:
Gold:   5          SH:  0    Dex: 14    Spells: 5/6 levels left

rFire   . . .      SeeInvis .   a - +0 dagger
rCold   . . .      Faith    .   (no shield)
rNeg    . . .      Spirit   .   e - +0 robe
rPois   .          Reflect  .   (no helmet)
rElec   .          Harm     .   (no cloak)
rCorr   .          Rampage  .   (no gloves)
Will    .....                   (no boots)
Stlth   ++........              (no amulet)
HPRegen 0.04/turn               (no ring)
MPRegen 0.10/turn               (no ring)

@: no status effects
A: no striking features
a: no special abilities


You were on level 1 of the Dungeon.
You visited 1 branch of the dungeon, and saw 1 of its levels.

You collected 5 gold pieces.

Inventory:

Hand Weapons
 a - a +0 dagger (weapon)
 g - a +3 spear
Missiles
 b - an atropa-tipped dart (quivered)
 c - a datura-tipped dart
 f - 16 stones
Armour
 e - a +0 robe (worn)
Potions
 d - a potion of attraction


   Skills:
 - Level 1.0 Fighting
 - Level 1.0 Throwing
 - Level 1.0 Armour
 + Level 0.6 Dodging
 - Level 3.6 Stealth
 + Level 3.1 Spellcasting
 + Level 0.2 Summonings
 - Level 1.0 Invocations
 + Level 1.3 Evocations


You had 5 spell levels left.
You knew the following spells:

 Your Spells              Type           Power      Damage    Failure   Level
a - Summon Small Mammal   Summ           12%        N/A       16%         1

Your spell library contained the following spells:

 Spells                   Type           Power      Damage    Failure   Level
 Call Canine Familiar     Summ           3%         N/A       41%         3


Dungeon Overview and Level Annotations

Branches:
Dungeon (1/15)

Altars:


Message History

A gnoll and a hobgoblin come into view.
Casting: Summon Small Mammal (safe; 16% risk of failure)
Confirm with . or Enter, or press ? or * to list all spells.
The hobgoblin shouts!
The rat bites you.
Your bat hits the hobgoblin.
Your bat barely misses the hobgoblin.
Your bat hits the hobgoblin but does no damage.
Your bat hits the hobgoblin. The rat bites you.
Your bat closely misses the hobgoblin.
The hobgoblin closely misses your bat.
Your bat barely misses the gnoll.
Casting: Summon Small Mammal (safe; 16% risk of failure)
Confirm with . or Enter, or press ? or * to list all spells.
Your bat hits the gnoll but does no damage.
Your bat hits the gnoll.
A ball python comes into view.
The rat bites you.
Your rat bites the rat.
The rat dies!
Your rat bites the gnoll but does no damage.
Casting: Summon Small Mammal (safe; 16% risk of failure)
Confirm with . or Enter, or press ? or * to list all spells.
The hobgoblin hits your bat.
Your rat bites the hobgoblin but does no damage.
Your bat closely misses the hobgoblin.
Your bat misses the hobgoblin. The gnoll barely misses you.
The hobgoblin misses your bat.
Your rat bites the hobgoblin.
You hit the gnoll.
The gnoll is lightly wounded.
Your bat closely misses the gnoll.
The gnoll closely misses you.
You swap places.
Your bat hits the hobgoblin but does no damage.
The gnoll hits your rat with a +0 whip.
Your rat dies!
Your rat's corpse disappears in a puff of smoke!
The hobgoblin misses your bat.
You hit the gnoll.
The gnoll is moderately wounded.
Your bat hits the hobgoblin. The gnoll hits you with a +0 flail!
Ouch! That really hurt!
You die...

#####.##.♣#♣#♣#♣#........
#...#.............S......
#......#####..###g.......
##...##.# #..# #..######
##..#..#.#####..# #bg#
...###..........# #..#
.#..#....######.# #..#
.##...#..#####..###.g#
................@gg..#
.........÷.....b..g..#
..########'########..#
..####.........####..#
..##...8.........##..#
..#..8...#'#......#..#
..'..÷..##<##.....+..#
..'.....##># .....+...
..#......#+# .8..#


You could see 2 gnolls, 2 hobgoblins and a friendly bat (summoned).

Vanquished Creatures
  2 ball pythons (D:1)
  An endoplasm (D:1)
3 creatures vanquished.

Vanquished Creatures (collateral kills)
  A frilled lizard (D:1)
  A rat (D:1)
2 creatures vanquished.

Grand Total: 5 creatures vanquished

Notes
Turn   | Place    | Note
-------+----------+-------------------------------------------
     0 | D:1      | Descartes the Deep Elf Wanderer began the quest for the
                  | Orb.
     0 | D:1      | Descartes set off with the following items: a +0 dagger, an
                  | atropa-tipped dart, a datura-tipped dart, a potion of
                  | attraction, a +0 robe; and the following spell memorised:
                  | Summon Small Mammal; and the following spells available to
                  | memorise: Call Canine Familiar
     0 | D:1      | Reached XP level 1. HP: 12/12 MP: 6/6
   299 | D:1      | Slain by a gnoll

Illustrated notes

Levels and vault maps discovered:
D:1:      dpeg_arrival_refuge, layout_loops_ring, serial_forest,
          infiniplex_forest_end_2, infiniplex_forest_clump_medium,
          infiniplex_forest_zigzag_2, infiniplex_forest_lined_room_2,
          infiniplex_forest_clump_tiny, infiniplex_forest_lined_2

Action                   || total
-------------------------++-------
Melee: Dagger            ||    12
 Cast: Summon Small Mamm ||    18
Armor: Robe              ||     1
Dodge: Dodged            ||    18
